 Dungeon Crawl Stone Soup version 0.31-a0-246-g8cbcc1cb85 (webtiles) character file.

Game seed: 7868185681051412675

12198 qw the Skirmisher (level 11, -4/72 HPs)
             Began as a Gargoyle Hexslinger on July 12, 2023.
             Was a Believer of Okawaru.
             Slain by a death yak (20 damage)
             ... on level 10 of the Dungeon.
             The game lasted 00:04:33 (9334 turns).

qw the Skirmisher (Gargoyle Hexslinger)             Turns: 9334, Time: 00:04:33

Health: -4/72      AC: 23    Str: 11      XL:     11   Next: 89%
Magic:  14/14      EV: 16    Int: 14 (15) God:    Okawaru [**....]
Gold:   727        SH:  0    Dex: 16      Spells: 11/12 levels left

rFire   + . .        Y - +0 arbalest
rCold   + . .        (shield currently unavailable)
rNeg    + . .        q - +0 troll leather armour
rPois   inf          b - +0 helmet
rElec   +            d - scarf {rC+ rF+}
rCorr   .            l - +0 pair of gloves
SInv    .            i - +2 pair of boots
Will    +....        (no amulet)
Stlth   +++          k - ring of willpower
HPRegen 1.12/turn    j - +4 ring of protection
MPRegen 0.14/turn

%: no passive effects
@: heroic
A: sickness immunity, AC +8, negative energy resistance 1, electricity
resistance, torment resistance 1, petrification resistance
a: Renounce Religion, Heroism


You were on level 10 of the Dungeon.
You worshipped Okawaru.
Okawaru was pleased with you.
You visited 3 branches of the dungeon, and saw 12 of its levels.

You collected 831 gold pieces.
You spent 104 gold pieces at shops.


Innate Abilities, Weirdness & Mutations

You are immune to sickness and miasma.
Your stone body is resilient. (AC +8)
You are immune to poison.
You resist negative energy. (rN+)
You are resistant to electric shocks. (rElec)
You are resistant to unholy torment.
You are immune to petrification.


   Skills:
 - Level 10.0(15.0) Fighting
 + Level 14.6(19.6) Ranged Weapons
 - Level 4.1(9.1) Armour
 - Level 4.0(9.0) Dodging
 - Level 1.0 Spellcasting
 - Level 2.6 Hexes
 - Level 4.0 Invocations


You had 11 spell levels left.
You knew the following spells:

 Your Spells              Type           Power      Damage    Failure   Level
a - Slow                  Hex            32%        N/A       11%         1

Your spell library contained the following spells:

 Spells                   Type           Power      Damage    Failure   Level
 Inner Flame              Hex/Fire       4%         N/A       50%         3
 Portal Projectile        Hex/Tloc       8%         N/A       50%         3
 Cause Fear               Hex            4%         N/A       71%         4

Inventory:

Hand Weapons
 Y - a +0 arbalest (weapon)
Armour
 b - a +0 helmet (worn)
 d - a scarf of resistance (worn)
 f - a +0 cloak
 i - a +2 pair of boots (worn)
 l - a +0 pair of gloves (worn)
 q - a +0 troll leather armour (worn)
Jewellery
 c - a +6 ring of strength
 j - a +4 ring of protection (right hand)
 k - a ring of willpower (left hand)
 n - a ring of ice
Scrolls
 p - a scroll of identify
Potions
 a - a potion of might
 e - 2 potions of resistance
 g - a potion of lignification {unknown}
 h - 6 potions of curing
 m - a potion of enlightenment {unknown}

Dungeon Overview and Level Annotations

Branches:
Dungeon (10/15)            Temple (1/1) D:6            Lair (1/5) D:10
    Orc: D:9-12

Altars:
Cheibriados
Dithmenos
Elyvilon
Fedhas
Gozag
Kikubaaqudgha
Makhleb
Nemelex Xobeh
Okawaru
Qazlal
Ru
Sif Muna
Trog
Uskayaw
Vehumet
Wu Jian
Xom
Yredelemnul
Zin
The Shining One

Shops:
D:4 [!*[   D:9 *

Annotations:
D:10 exclusion: obsidian statue
Lair:1 Joseph


Message History

The death yak gores you but does no damage.
The death yak gores you! x2
9329 ||| STAIRDANCE The death yak gores you!!
The death yak gores you. The death yak barely misses you.
The komodo dragon bites you but does no damage.
You climb upwards.
Welcome back to the Dungeon!
Level annotation: exclusion: obsidian statue
There is a staircase to the Lair here.
Enter note:
Enter note:
Enter note:
Enter note:
Enter note:
Enter note:
Enter note:
Enter note:
Enter note:
Enter note:
Enter note:
Enter note:
Enter note:
Enter note:
Enter note:
Enter note:
Enter note: You shoot a bolt.
The bolt hits the death yak!
The death yak is severely wounded.
The death yak gores you but does no damage.
You shoot a bolt. The bolt hits the death yak!!
You kill the death yak!
Okawaru is honoured by your kill.
You feel your intelligence returning.
You shoot a bolt. The bolt hits the death yak!
The death yak is lightly wounded.
The death yak closely misses you.
You shoot a bolt. The bolt hits the death yak!
The death yak is moderately wounded.
The death yak gores you!!
You die...

##.### ####.####.##
#.....) #..#
###.P....##..# ######)
#.## ##..P.P...[.#.# #.
#.# #............'## #.
#'########.........P....#
##
...........PP....P..P...#
#
?..........P..#[##P..P..#
#
..............#lY#P.....#
#
.............P#Y@#...P..#
#
<.............####P.....#
.............P.P.PP.....#
##'#######....P......P..#
#...# #P...P.PP......#
###.# ##.............#
#.## ###.......##### #..#
###.###..### ##.#
#..........### #####


You could see 2 death yaks and a komodo dragon.

Vanquished Creatures
  A two-headed ogre (D:8)
  A death yak (D:10)
  A cyclops (D:9)
  An unseen horror (D:10)
  A komodo dragon (D:7)
  A troll (D:10)
  3 meliai (D:10)
  Prince Ribbit (D:7)
  Grinder (D:5)
  Sigmund (D:5)
  A shadow (D:9)
  A wyvern (D:9)
  A wraith (D:5)
  22 yaks
  Grum (D:10)
  Eustachio (D:5)
  4 steam dragons
  2 swamp worms (D:8)
  A water moccasin (D:6)
  5 orc warriors
  An ice beast (D:5)
  A black bear (D:10)
  2 ogres
  3 wolves (D:10)
  6 centaurs
  3 phantoms
  A kobold brigand (D:9)
  5 bullfrogs
  2 gnoll sergeants
  3 scorpions
  4 wights (D:8)
  4 killer bees (D:8)
  A howler monkey (D:5)
  4 hounds
  6 jellies
  5 orc priests
  2 gnoll boudas
  2 orc wizards
  8 iguanas
  17 gnolls
  10 adders
  A white imp (D:5)
  An ufetubus (D:4)
  A dart slug (D:5)
  A worm (D:2)
  59 orcs
  5 bats
  3 endoplasms
  4 giant cockroaches
  6 goblins
  9 hobgoblins
  13 kobolds
  4 quokkas
  7 ball pythons
  9 frilled lizards
  9 rats
273 creatures vanquished.

Notes
Turn   | Place    | Note
-------+----------+-------------------------------------------
     0 | D:1      | qw the Gargoyle Hexslinger began the quest for the Orb.
     0 | D:1      | Reached XP level 1. HP: 12/12 MP: 2/2
     0 | D:1      | 0 ||| qw: Version: 0.3-a-52-g30416fa
     0 | D:1      | 0 ||| qw: Game counter: 6230
     0 | D:1      | 0 ||| qw: Melee chars always use a shield: true
     0 | D:1      | 0 ||| qw: God list: Okawaru
     0 | D:1      | 0 ||| qw: Allow faded altars: false
     0 | D:1      | 0 ||| qw: Do Orc after clearing Dungeon:15 true
     0 | D:1      | 0 ||| qw: Do second Lair branch before Depths: true
     0 | D:1      | 0 ||| qw: Lair rune preference: random
     0 | D:1      | 0 ||| qw: Goals: Normal
     0 | D:1      | 0 ||| PLANNING D:1-11
    42 | D:1      | 42 ||| READING scroll labelled DAW RUQUVICOYN.
    43 | D:1      | 43 ||| DROPPING scroll of poison.
   165 | D:1      | Reached XP level 2. HP: 16/16 MP: 3/3
   187 | D:1      | Reached skill level 3 in Ranged Weapons
   622 | D:1      | 622 ||| UPGRADING to +0 ring mail.
   632 | D:1      | 632 ||| DROPPING +0 robe.
   633 | D:1      | 633 ||| UPGRADING to +6 ring of strength.
   634 | D:1      | 634 ||| READING scroll labelled DOSUF SY LITT.
   637 | D:1      | 637 ||| READING scroll labelled NEUMPU NAOMOE.
   638 | D:1      | 638 ||| READING scroll labelled KOMYSHR ZOACH.
   691 | D:2      | Reached XP level 3. HP: 21/21 MP: 4/4
  1026 | D:2      | Found a faded altar of an unknown god.
  1072 | D:2      | Reached XP level 4. HP: 26/26 MP: 5/5
  1314 | D:2      | 1314 ||| UPGRADING to +2 pair of boots.
  1319 | D:2      | 1319 ||| READING scroll labelled ULOEM CICRAI.
  1320 | D:2      | 1320 ||| READING scroll labelled EKUIBR ZEXUUCE.
  1321 | D:2      | 1321 ||| READING scroll labelled SOBOBL ZOABIAT.
  1322 | D:2      | 1322 ||| DRINKING 2 clear potions.
  1393 | D:3      | Reached skill level 4 in Ranged Weapons
  1759 | D:3      | Reached skill level 1 in Armour
  1959 | D:3      | 1959 ||| UPGRADING to scarf of resistance.
  1964 | D:3      | 1964 ||| READING scroll labelled ZIPSUL GULLY.
  1985 | D:4      | Noticed an ogre
  1985 | D:4      | Found Naasirur's Distillery.
  1985 | D:4      | Found Dawoanacw's Assorted Antiques.
  1985 | D:4      | Found Itiyseam's Antique Armour Boutique.
  1987 | D:4      | 1987 ||| BUYING potion of curing (39 gold).
  1987 | D:4      | Bought a potion of curing for 39 gold pieces
  1987 | D:4      | 1987 ||| BUYING potion of heal wounds (65 gold).
  1987 | D:4      | Bought a potion of heal wounds for 65 gold pieces
  1987 | D:4      | 1987 ||| SHOPLISTING potion of might (52 gold, have 29).
  1987 | D:4      | 1987 ||| SHOPLISTING potion of mutation (104 gold, have
                  | 29).
  2023 | D:4      | Found Jyuclait's Armour Emporium.
  2029 | D:4      | 2029 ||| STAIRDANCE
  2047 | D:3      | Reached XP level 5. HP: 21/30 MP: 6/6
  2089 | D:4      | 2089 ||| SHOPLISTING +0 helmet (63 gold, have 29).
  2089 | D:4      | 2089 ||| SHOPLISTING +2 leather armour of Cheibriados's
                  | Wrath {Dex+3} (354 gold, have 29).
  2089 | D:4      | 2089 ||| SHOPLISTING +2 robe of willpower (247 gold, have
                  | 29).
  2104 | D:4      | 2104 ||| SHOPLISTING 2 potions of curing (186 gold, have
                  | 29).
  2104 | D:4      | 2104 ||| SHOPLISTING dented silver amulet (155 gold, have
                  | 29).
  2104 | D:4      | 2104 ||| SHOPLISTING scroll labelled CEBBIN EKLO (31 gold,
                  | have 29).
  2104 | D:4      | 2104 ||| SHOPLISTING wooden wand (124 gold, have 29).
  2173 | D:4      | 2173 ||| SWAPPING to +0 arbalest.
  2179 | D:4      | 2179 ||| DROPPING +1 sling.
  2228 | D:4      | Reached skill level 5 in Ranged Weapons
  2355 | D:4      | Reached skill level 3 in Fighting
  2404 | D:4      | Reached XP level 6. HP: 37/37 MP: 7/7
  2627 | D:4      | 2627 ||| UPGRADING to +0 pair of gloves.
  2632 | D:4      | 2632 ||| UPGRADING to +4 ring of protection.
  2633 | D:4      | 2633 ||| UPGRADING to ring of willpower.
  2651 | D:5      | Entered Level 5 of the Dungeon
  2657 | D:5      | 2657 ||| STAIRDANCE
  2664 | D:4      | Reached skill level 6 in Ranged Weapons
  2667 | D:4      | HP: 8/37 [iguana (3)]
  2668 | D:4      | 2668 ||| DRINKING 2 potions of heal wounds.
  2809 | D:5      | Noticed a wraith
  2822 | D:5      | Killed a wraith
  2823 | D:5      | Reached XP level 7. HP: 28/44 MP: 8/8
  2893 | D:5      | 2893 ||| STAIRDANCE
  2917 | D:4      | 2917 ||| SHOPLISTING glowing leather armour (110 gold, have
                  | 94).
  2917 | D:4      | 2917 ||| SHOPLISTING runed leather armour (110 gold, have
                  | 94).
  2917 | D:4      | 2917 ||| SHOPLISTING transparent robe (125 gold, have 94).
  2977 | D:5      | Noticed Grinder
  2990 | D:5      | Paralysed by Grinder for 5 turns
  2997 | D:5      | Killed Grinder
  2998 | D:5      | Reached skill level 7 in Ranged Weapons
  2998 | D:5      | Reached XP level 8. HP: 46/49 MP: 9/9
  3219 | D:5      | Noticed Sigmund
  3224 | D:5      | Reached skill level 8 in Ranged Weapons
  3230 | D:5      | Killed Sigmund
  3290 | D:5      | Noticed Eustachio
  3312 | D:5      | Killed Eustachio
  3313 | D:5      | Reached skill level 9 in Ranged Weapons
  3692 | D:5      | 3692 ||| DROPPING amulet of magic regeneration.
  3693 | D:5      | 3693 ||| READING 2 scrolls of identify.
  3693 | D:5      | 3693 ||| IDENTIFYING fizzy emerald potion
  3694 | D:5      | 3694 ||| DROPPING potion of brilliance.
  3789 | D:6      | Reached skill level 6 in Fighting
  3887 | D:6      | Reached XP level 9. HP: 55/55 MP: 10/10
  4127 | D:6      | 4127 ||| Stepping ~*~*~tactically~*~*~ (outnumbered).
  4128 | D:6      | 4128 ||| Stepping ~*~*~tactically~*~*~ (outnumbered).
  4332 | D:6      | Found a staircase to the Ecumenical Temple.
  4333 | D:6      | 4333 ||| PLANNING TEMPLE
  4333 | D:6      | 4333 ||| READING scroll labelled NOEFRA EKOM.
  4334 | D:6      | 4334 ||| READING scroll labelled OWIQEF SESU.
  4435 | D:6      | 4435 ||| READING 2 scrolls of identify.
  4435 | D:6      | 4435 ||| IDENTIFYING silvery potion
  4436 | D:6      | 4436 ||| DROPPING potion of degeneration.
  4445 | Temple   | Entered the Ecumenical Temple
  4508 | Temple   | 4508 ||| PLANNING OKAWARU WORSHIP
  4643 | Temple   | Became a worshipper of Warmaster Okawaru
  4644 | Temple   | 4644 ||| PLANNING D:1-11
  4871 | D:7      | 4871 ||| Stepping ~*~*~tactically~*~*~ (outnumbered).
  4879 | D:7      | Reached skill level 10 in Ranged Weapons
  4886 | D:7      | Reached skill level 3 in Armour
  5278 | D:7      | Noticed Prince Ribbit
  5287 | D:7      | Killed Prince Ribbit
  5354 | D:7      | Noticed a komodo dragon
  5357 | D:7      | Reached * piety under Okawaru
  5358 | D:7      | 5358 ||| INVOKING Heroism.
  5366 | D:7      | Killed a komodo dragon
  5366 | D:7      | HP: 11/57 [iguana (10)]
  5367 | D:7      | 5367 ||| READING 2 scrolls of teleportation.
  5368 | D:7      | 5368 ||| DRINKING 2 potions of heal wounds.
  5369 | D:7      | 5369 ||| INVOKING Heroism.
  5485 | D:7      | Reached skill level 11 in Ranged Weapons
  5485 | D:7      | Reached skill level 1 in Invocations
  5901 | D:7      | 5901 ||| READING 2 scrolls of identify.
  5901 | D:7      | 5901 ||| IDENTIFYING bubbling silvery potion
  5932 | D:8      | 5932 ||| INVOKING Heroism.
  6038 | D:8      | 6038 ||| Stepping ~*~*~tactically~*~*~ (outnumbered).
  6042 | D:8      | 6042 ||| INVOKING Heroism.
  6044 | D:8      | Reached XP level 10. HP: 51/64 MP: 8/12
  6053 | D:8      | Reached skill level 3 in Invocations
  6056 | D:8      | 6056 ||| INVOKING Heroism.
  6057 | D:8      | HP: 15/64 [yak (2)]
  6058 | D:8      | 6058 ||| READING 2 scrolls of teleportation.
  6059 | D:8      | 6059 ||| DRINKING potion of heal wounds.
  6060 | D:8      | Noticed a two-headed ogre
  6061 | D:8      | Reached skill level 3 in Dodging
  6071 | D:8      | HP: 15/64 [two-headed ogre/+0 giant spiked club (3)]
  6072 | D:8      | 6072 ||| READING scroll of teleportation.
  6074 | D:8      | Killed a two-headed ogre
  6367 | D:8      | Reached ** piety under Okawaru
  6374 | D:8      | 6374 ||| INVOKING Heroism.
  6378 | D:8      | Reached skill level 12 in Ranged Weapons
  6885 | D:8      | 6885 ||| INVOKING Heroism.
  6932 | D:8      | 6932 ||| INVOKING Heroism.
  6991 | D:8      | 6991 ||| UPGRADING to +0 steam dragon scales.
  7001 | D:8      | 7001 ||| DROPPING +0 ring mail.
  7002 | D:8      | 7002 ||| DROPPING ring of magical power.
  7003 | D:8      | 7003 ||| READING scroll labelled BEOSAOGRIRR.
  7004 | D:8      | 7004 ||| READING 2 scrolls of identify.
  7004 | D:8      | 7004 ||| IDENTIFYING smoky dark potion
  7005 | D:8      | 7005 ||| DROPPING potion of attraction.
  7119 | D:9      | Noticed a cyclops
  7120 | D:9      | 7120 ||| INVOKING Heroism.
  7125 | D:9      | Killed a cyclops
  7126 | D:9      | Reached XP level 11. HP: 53/68 MP: 11/14
  7324 | D:9      | 7324 ||| INVOKING Heroism.
  7331 | D:9      | Reached skill level 13 in Ranged Weapons
  7332 | D:9      | 7332 ||| Stepping ~*~*~tactically~*~*~ (outnumbered).
  7348 | D:9      | 7348 ||| Stepping ~*~*~tactically~*~*~ (outnumbered).
  7350 | D:9      | 7350 ||| Stepping ~*~*~tactically~*~*~ (outnumbered).
  7351 | D:9      | 7351 ||| INVOKING Heroism.
  7504 | D:9      | 7504 ||| INVOKING Heroism.
  7592 | D:9      | Reached skill level 9 in Fighting
  7692 | D:9      | Found Uhuoxeca's Lightly-Used Armoury.
  7769 | D:9      | 7769 ||| Stepping ~*~*~tactically~*~*~ (outnumbered).
  7771 | D:9      | 7771 ||| Stepping ~*~*~tactically~*~*~ (outnumbered).
  7773 | D:9      | 7773 ||| Stepping ~*~*~tactically~*~*~ (outnumbered).
  7998 | D:9      | 7998 ||| UPGRADING to +0 helmet.
  8025 | D:10     | Entered Level 10 of the Dungeon
  8044 | D:10     | 8044 ||| INVOKING Heroism.
  8063 | D:10     | 8063 ||| INVOKING Heroism.
  8170 | D:10     | 8170 ||| INVOKING Heroism.
  8231 | D:10     | 8231 ||| UPGRADING to +0 troll leather armour.
  8239 | D:10     | 8239 ||| UPGRADING to +0 steam dragon scales.
  8244 | D:10     | 8244 ||| UPGRADING to +0 troll leather armour.
  8254 | D:10     | 8254 ||| DROPPING +0 steam dragon scales.
  8353 | D:10     | Noticed Grum
  8354 | D:10     | 8354 ||| INVOKING Heroism.
  8369 | D:10     | Killed Grum
  8390 | D:10     | Noticed an obsidian statue
  8391 | D:10     | 8391 ||| INVOKING Heroism.
  8399 | D:10     | 8399 ||| Stepping ~*~*~tactically~*~*~ (outnumbered).
  8407 | D:10     | Noticed a soul eater
  8420 | D:10     | 8420 ||| INVOKING Heroism.
  8428 | D:10     | HP: 16/71 [something (14)]
  8429 | D:10     | 8429 ||| READING scroll of teleportation.
  8503 | D:10     | Reached skill level 14 in Ranged Weapons
  8520 | D:10     | Reached *** piety under Okawaru
  8622 | D:10     | 8622 ||| INVOKING Heroism.
  8716 | D:10     | 8716 ||| INVOKING Heroism.
  8718 | D:10     | 8718 ||| Stepping ~*~*~tactically~*~*~ (outnumbered).
  8779 | D:10     | 8779 ||| INVOKING Heroism.
  8841 | D:10     | Found a hide-covered altar of Uskayaw.
  8850 | D:10     | Found a snail-covered altar of Cheibriados.
  8881 | D:10     | 8881 ||| INVOKING Heroism.
  8904 | D:10     | 8904 ||| INVOKING Heroism.
  8925 | D:10     | 8925 ||| INVOKING Heroism.
  8949 | D:10     | 8949 ||| READING scroll labelled DOAHET PINUMUWE.
  8954 | D:10     | 8954 ||| INVOKING Heroism.
  8975 | D:10     | 8975 ||| FLEEEEING.
  9053 | D:10     | 9053 ||| INVOKING Heroism.
  9067 | D:10     | Found a staircase to the Lair.
  9300 | D:9      | 9300 ||| PLANNING LAIR
  9318 | Lair:1   | Entered Level 1 of the Lair of Beasts
  9318 | Lair:1   | Noticed a death yak
  9318 | Lair:1   | Noticed a death yak
  9318 | Lair:1   | Noticed a death yak
  9319 | Lair:1   | 9319 ||| INVOKING Heroism.
  9320 | Lair:1   | Noticed Joseph
  9329 | Lair:1   | 9329 ||| STAIRDANCE
  9329 | Lair:1   | HP: 15/72 [death yak (18)]
  9332 | D:10     | Killed a death yak
  9334 | D:10     | Slain by a death yak

Levels and vault maps discovered:
D:1:      lemuel_arrival_river_ford, layout_basic, st_stairs_3,
          nicolae_the_louvre
D:2:      wander_river, layout_basic, hellmonk_ecumenical_altar_zigzags
D:3:      layout_basic
D:4:      nicolae_cairo_tiling, layout_rooms, serial_shops, shop,
          nicolae_shop_distant_corner_stores, kennysheep_generic_room_9
D:5:      layout_basic, uniq_sigmund, uniq_eustachio, uniq_grinder
D:6:      layout_gridville, minmay_temple_entry_statues_fountains
D:7:      layout_basic, minmay_lizard_king, uniq_prince_ribbit1
D:8:      layout_basic, worms_lemuel
D:9:      layout_grid_maze, special_room [special_room_orc],
          minmay_shop_damaged, solitary_fountain
D:10:     layout_roguey [special_room_orc], nicolae_overflow_quartered_altars,
          grunt_lair_entry_orc_guard_hut, minivault_16, grunt_decor_clamped,
          uniq_grum
Temple:   regret_index_temple_mists
Lair:1:   layout_regular_city, gammafunk_ghost_icy, uniq_joseph

Skill      XL: |  1  2  3  4  5  6  7  8  9 10 11 |
---------------+----------------------------------+-----
Ranged Weapons | 3 4 5 6 7 9 11 12 14 | 14.6
Fighting       | 2 3 5 6 8 10 | 10.0
Armour         | 1 2 3 4 |  4.1
Dodging        | 2 4 |  4.0
Invocations    | 2 4 |  4.0
Spellcasting   | |  1.0
Hexes          | |  2.6

Action                     |  1- 3 |  4- 6 |  7- 9 | 10-12 || total
---------------------------+-------+-------+-------+-------++-------
   Fire: Sling             |   131 |   104 |       |       ||   235
         Arbalest          |       |    97 |   278 |   480 ||   855
 Invoke: Heroism           |       |       |     4 |    23 ||    27
    Use: Scroll            |     4 |     4 |     6 |     6 ||    20
         Potion            |       |     2 |     1 |     1 ||     4
 Armour: Robe              |    18 |       |       |       ||    18
         Ring mail         |    17 |   109 |   167 |    69 ||   362
         Troll leather arm |       |       |       |   174 ||   174
         Steam dragon scal |       |       |       |    49 ||    49
  Dodge: Dodged            |    44 |   105 |   176 |   418 ||   743

Table legend:
 A = Non-vault XP
 B = Vault XP
 C = Vault XP percentage of total XP
 D = Non-vault monster count
 E = Vault monster count
 F = Vault count percentage of total count
                 A         B        C        D         E       F
            +---------+---------+-------+---------+---------+-------
      Total |   13738 |    3688 |  21.2 |     194 |      79 |  28.9
            +---------+---------+-------+---------+---------+-------
        D:1 |      26 |       6 |  18.8 |      19 |       3 |  13.6
        D:2 |      55 |       0 |   0.0 |      16 |       0 |   0.0
        D:3 |      81 |       0 |   0.0 |      17 |       0 |   0.0
        D:4 |     395 |      85 |  17.7 |      21 |       2 |   8.7
        D:5 |     741 |     686 |  48.1 |      13 |       3 |  18.8
        D:6 |     668 |       0 |   0.0 |      15 |       0 |   0.0
        D:7 |     763 |     771 |  50.3 |      16 |       9 |  36.0
        D:8 |    4088 |     316 |   7.2 |      32 |       2 |   5.9
        D:9 |    1759 |     497 |  22.0 |      16 |      25 |  61.0
       D:10 |    5162 |    1327 |  20.4 |      29 |      35 |  54.7
            +---------+---------+-------+---------+---------+-------
